 Dungeon Crawl Stone Soup version 0.28.0-49-g6dfe1f597d (webtiles) character file.

Game seed: 2412815039322928763

74 issech the Protected (level 4, -5/32 HPs)
             Began as a Gnoll Wanderer on May 17, 2022.
             Killed from afar by Ijyb (8 damage)
             ... with a puff of flame
             ... while paralysed by Grinder
             ... on level 3 of the Dungeon.
             The game lasted 00:09:15 (2018 turns).

issech the Protected (Gnoll Wanderer)               Turns: 2018, Time: 00:09:15

Health: -5/32      AC:  6    Str: 10    XL:     4   Next: 30%
Magic:  8/8        EV:  2    Int: 12    God:
Gold:   72         SH:  0    Dex: 14    Spells: 8/9 levels left

rFire   . . .      SeeInvis .   a - +0 hunting sling
rCold   . . .      Faith    +   (no shield)
rNeg    . . .      Spirit   .   c - +0 ring mail
rPois   .          Reflect  .   (no helmet)
rElec   .          Harm     .   (no cloak)
rCorr   .          Rampage  .   (no gloves)
Will    .....                   (no boots)
Stlth   +.........              i - amulet of faith
HPRegen 0.10/turn               (no ring)
MPRegen 0.11/turn               (no ring)

@: paralysed
A: fangs 1, strong nose, distributed training
a: no special abilities


You were on level 3 of the Dungeon.
You visited 1 branch of the dungeon, and saw 3 of its levels.

You collected 72 gold pieces.

Inventory:

Hand Weapons
 a - a +0 hunting sling (weapon)
 k - a +0 flail
 l - a +0 war axe
 o - a +0 dagger of protection
 r - a +1 dagger of protection
Missiles
 b - 43 sling bullets (quivered ammo)
 f - 16 stones
 n - 2 poisoned darts
Armour
 c - a +0 ring mail (worn)
 p - a +0 leather armour
Magical Staves
 e - a staff of earth
Jewellery
 i - an amulet of faith (around neck)
Scrolls
 d - a scroll of identify {unknown}
 g - a scroll of teleportation {unknown}
 h - 3 scrolls of vulnerability {unknown}
 m - a scroll of acquirement {unknown}
Potions
 j - a potion of ambrosia {unknown}
 q - a potion of berserk rage {unknown}


   Skills:
 + Level 1.1 Fighting
 + Level 1.1 Short Blades
 + Level 1.1 Long Blades
 + Level 1.1 Axes
 + Level 1.1 Maces & Flails
 + Level 1.1 Polearms
 + Level 1.1 Staves
 + Level 2.7 Slings
 + Level 1.1 Bows
 + Level 1.1 Crossbows
 + Level 1.1 Throwing
 + Level 8.5 Armour
 + Level 1.1 Dodging
 + Level 1.1 Stealth
 + Level 1.1 Shields
 + Level 1.1 Unarmed Combat
 + Level 3.0 Spellcasting
 + Level 0.8 Conjurations
 + Level 0.8 Hexes
 + Level 0.8 Summonings
 + Level 3.8 Necromancy
 + Level 0.8 Translocations
 + Level 0.8 Transmutations
 + Level 0.8 Fire Magic
 + Level 0.8 Ice Magic
 + Level 0.8 Air Magic
 + Level 0.8 Earth Magic
 + Level 0.8 Poison Magic
 + Level 2.8 Invocations
 + Level 2.7 Evocations


You had 8 spell levels left.
You knew the following spells:

 Your Spells              Type           Power      Damage    Failure   Level
a - Pain                  Necr           44%        1d6       11%         1

Your spell library contained the following spells:

 Spells                   Type           Power      Damage    Failure   Level
 Corpse Rot               Necr/Air       14%        N/A       30%         2
 Foxfire                  Conj/Fire      12%        2x1d4     36%         1
 Conjure Flame            Conj/Fire      3%         6-21      75%         3
 Inner Flame              Hex/Fire       3%         N/A       75%         3
 Anguish                  Hex/Necr       3%         N/A       90%         4
 Flame Wave               Conj/Fire      3%         2d4       98%         4


Dungeon Overview and Level Annotations

Branches:
Dungeon (3/15)

Altars:

Annotations:
D:3 Grinder, Ijyb


Innate Abilities, Weirdness & Mutations

You have very sharp teeth.
Your uncanny sense of smell can sniff out nearby items.
Your experience applies equally to all skills.


Message History

Grinder hits you but does no damage.
You hit Grinder but do no damage.
Grinder is moderately wounded.
Grinder hits you but does no damage.
You hit Grinder but do no damage. Your bite misses Grinder.
Grinder is moderately wounded.
Grinder gestures at you.
You suddenly lose the ability to move!
Grinder gestures at you. You resist with significant effort.
Grinder hits you but does no damage. Grinder completely misses you.
Grinder hits you.
* * * LOW HITPOINT WARNING * * *
You writhe in agony.
* * * LOW HITPOINT WARNING * * *
Grinder blinks!
You can move again.
Your +1 dagger of protection goes still.
a - a +0 hunting sling (weapon)
Grinder blinks!
Grinder blinks!
You are too injured to fight recklessly!
Grinder blinks!
You start resting.
Grinder is nearby!
You start resting.
Grinder is nearby!
You see here 2 sling bullets.
Grinder gestures at you. Pain shoots through your body!
* * * LOW HITPOINT WARNING * * *
Ijyb the Twisted Goblin comes into view.
She is wielding a +0 club and carrying a wand of flame (22).
Ijyb shouts!
Ijyb barely misses you.
Grinder blinks!
Grinder gestures at you.
You suddenly lose the ability to move!
Ijyb zaps a wand.
The puff of flame hits you!
You die...

#.........###.#####
#####...#####5###)#....
...............##......
...............##......
...............≈≈P.....
#####..(#####.#P≈≈PP...
#...........PP≈≈≈##
#(.(#######≈PP≈≈P##
###g@.### ##≈P♣≈P..
#....5(.# #P.≈≈...
#.#####.# ##.P≈≈P. #.#
... #P≈♣≈PP #.# ....
∆.#P≈♣PP ..# ..##
.PP≈♣♣ ...... .≈♣ ..
...P≈ ≈ #.##.#.≈P≈
.##≈P ♣ ##.##.##≈≈≈


You could see Grinder and Ijyb.

Vanquished Creatures
  2 adders (D:2)
  3 worms
  A dart slug (D:1)
  An orc (D:3)
  5 endoplasms
  3 giant cockroaches
  3 goblins
  4 hobgoblins
  A quokka (D:3)
  10 ball pythons
  2 bats (D:2)
  3 frilled lizards (D:1)
  7 kobolds
  A rat (D:1)
46 creatures vanquished.

Vanquished Creatures (others)
  16 plants (D:3)
16 creatures vanquished.

Grand Total: 62 creatures vanquished

Notes
Turn   | Place    | Note
-------+----------+-------------------------------------------
     0 | D:1      | issech the Gnoll Wanderer began the quest for the Orb.
     0 | D:1      | issech set off with the following items: a +0 hunting
                  | sling, 20 sling bullets, a +0 ring mail; and the following
                  | spell memorised: Pain; and the following spells available
                  | to memorise: Corpse Rot, Anguish
     0 | D:1      | Reached XP level 1. HP: 13/13 MP: 4/4
   257 | D:1      | Reached XP level 2. HP: 19/19 MP: 5/5
   861 | D:2      | Reached XP level 3. HP: 20/25 MP: 7/7
  1215 | D:2      | Reached skill level 1 in Fighting
  1215 | D:2      | Reached skill level 1 in Short Blades
  1215 | D:2      | Reached skill level 1 in Long Blades
  1215 | D:2      | Reached skill level 1 in Axes
  1215 | D:2      | Reached skill level 1 in Maces & Flails
  1215 | D:2      | Reached skill level 1 in Polearms
  1215 | D:2      | Reached skill level 1 in Staves
  1215 | D:2      | Reached skill level 1 in Bows
  1215 | D:2      | Reached skill level 1 in Crossbows
  1215 | D:2      | Reached skill level 1 in Throwing
  1215 | D:2      | Reached skill level 1 in Dodging
  1215 | D:2      | Reached skill level 1 in Stealth
  1215 | D:2      | Reached skill level 1 in Shields
  1215 | D:2      | Reached skill level 1 in Unarmed Combat
  1494 | D:3      | Noticed Grinder
  1638 | D:3      | Reached XP level 4. HP: 29/32 MP: 8/8
  1970 | D:3      | Paralysed by Grinder for 2 turns
  1977 | D:3      | Paralysed by Grinder for 7 turns
  2013 | D:3      | Noticed Ijyb
  2017 | D:3      | Paralysed by Grinder for 4 turns
  2018 | D:3      | Killed from afar by Ijyb

Illustrated notes

Levels and vault maps discovered:
D:1:      eino_arrival_tree_alley, layout_rooms
D:2:      layout_basic
D:3:      layout_loops_cross, nicolae_overflow_hidden_temple, serial_bayou,
          serial_bayou_shore_a, serial_bayou_pond_b, serial_bayou_lagoon_a,
          serial_bayou_pond_e, uniq_grinder, uniq_ijyb

Skill      XL: |  1  2  3  4 |
---------------+-------------+-----
Fighting       | 1 |  1.1
Short Blades   | 1 |  1.1
Long Blades    | 1 |  1.1
Axes           | 1 |  1.1
Maces & Flails | 1 |  1.1
Polearms       | 1 |  1.1
Staves         | 1 |  1.1
Bows           | 1 |  1.1
Crossbows      | 1 |  1.1
Throwing       | 1 |  1.1
Dodging        | 1 |  1.1
Stealth        | 1 |  1.1
Shields        | 1 |  1.1
Unarmed Combat | 1 |  1.1
Spellcasting   | 3 |  3.0
Slings         | |  2.7
Armour         | |  8.5
Conjurations   | |  0.8
Hexes          | |  0.8
Summonings     | |  0.8
Necromancy     | |  3.8
Translocations | |  0.8
Transmutations | |  0.8
Fire Magic     | |  0.8
Ice Magic      | |  0.8
Air Magic      | |  0.8
Earth Magic    | |  0.8
Poison Magic   | |  0.8
Invocations    | |  2.8
Evocations     | |  2.7

Action                   |  1- 3 |  4- 6 || total
-------------------------+-------+-------++-------
Melee: Staff             |     3 |       ||     3
       War axe           |    16 |       ||    16
       Flail             |     2 |       ||     2
       Punch             |     2 |     1 ||     3
       Dagger            |    34 |    90 ||   124
       Bite              |     6 |    13 ||    19
 Fire: Hunting sling     |    92 |    11 ||   103
Armor: Ring mail         |    39 |    33 ||    72
Dodge: Dodged            |    50 |    50 ||   100
